[Event "Titled Tuesday Blitz February 22 Late 2022"]
[White "Murzin, Volodar"]
[Black "Buscar, Michael"]
[WhiteFideId "44155573"]
[BlackFideId "2603616"]
[WhiteElo "2585"]
[BlackElo "2010"]
[Result "0-1"]
[Round "01"]
[TimeControl "180+1"]
[Date "2022.02.23"]
[WhiteClock "0:00:01"]
[BlackClock "0:00:03"]

1. e4 c5 2. Nf3 Nc6 3. Bb5 Nf6 4. Bxc6 dxc6 5. d3 g6 6. O-O Bg7 7. Nbd2 O-O 8. Re1 Ne8 9. a4 Nc7 10. a5 Ne6 11. Nc4 Nd4 12. Nfd2 Be6 13. c3 Bxc4 14. Nxc4 Ne6 15. Be3 Qc7 16. Qb3 Rfd8 17. Rad1 Rd7 18. Qa3 Rad8 19. Bxc5 Nxc5 20. Qxc5 Rxd3 21. Rxd3 Rxd3 22. Qxa7 Be5 23. g3 h5 24. Nxe5 Qxe5 25. Qxb7 h4 26. Qb6 h3 27. Kf1 Qh5 28. Qb8+ Kg7 29. a6 Rd2 30. Qf4 Rxb2 31. Ra1 Qb5+ 0-1


[Site "https://www.chess.com"]

[Event "Titled Tuesday Blitz February 22 Late 2022"]
[White "Myers, Dominique"]
[Black "Ruperez Benito, Antonio"]
[WhiteFideId "2041715"]
[BlackFideId "22245049"]
[WhiteElo "1986"]
[BlackElo "2249"]
[Result "1-0"]
[Round "01"]
[TimeControl "180+1"]
[Date "2022.02.23"]
[WhiteClock "0:01:31"]
[BlackClock "0:01:04"]

1. e4 c5 2. Nf3 g6 3. d4 cxd4 4. Nxd4 Bg7 5. Nc3 Nc6 6. Be3 Nf6 7. Bc4 O-O 8. Bb3 d6 9. f3 Bd7 10. Qd2 Rc8 11. O-O-O Nxd4 12. Bxd4 b5 13. g4 a5 14. a3 b4 15. axb4 axb4 16. Nd5 Nxd5 17. Bxg7 Kxg7 18. Qxd5 Kg8 19. Qd2 Qa5 20. Qd4 Ba4 21. Qe3 Rc5 22. Rd5 Rfc8 23. Rxc5 Rxc5 24. Rd1 h5 25. gxh5 Rxh5 26. Rd5 Rxd5 27. Bxd5 Qc7 28. b3 Be8 29. Qg5 Kg7 30. Qd2 Qc5 31. h4 e6 32. Bc4 Bc6 33. Qg5 Qd4 34. Kb1 d5 35. exd5 Bxd5 36. Bxd5 Qxd5 37. Qe3 Kf6 38. Kc1 Kf5 39. Qg5# 1-0


[Site "https://www.chess.com"]

[Event "Titled Tuesday Blitz February 22 Late 2022"]
[White "Nakamura, Hikaru"]
[Black "Romanchuk, Viktor"]
[WhiteFideId "2016192"]
[BlackFideId "14109271"]
[WhiteElo "2850"]
[BlackElo "2242"]
[Result "1-0"]
[Round "01"]
[TimeControl "180+1"]
[Date "2022.02.22"]
[WhiteClock "0:01:46"]
[BlackClock "0:00:11"]

1. Nf3 d5 2. b3 c6 3. Bb2 Bf5 4. d3 e6 5. Nbd2 Nd7 6. g3 h6 7. Bg2 Ngf6 8. O-O Bc5 9. Re1 Qb6 10. e3 O-O 11. a3 a5 12. h3 Bh7 13. Qe2 Rfe8 14. c4 e5 15. Rec1 e4 16. dxe4 Nxe4 17. Nxe4 Bxe4 18. cxd5 Bxd5 19. Nd2 Bxg2 20. Kxg2 Ne5 21. Bxe5 Rxe5 22. Nc4 Qc7 23. Nxe5 Qxe5 24. Rd1 Re8 25. a4 g6 26. Rac1 Bb6 27. Rd7 Qe6 28. Qd3 Re7 29. Rxe7 Qxe7 30. Rd1 Qb4 31. Qc4 Qe7 32. Qf4 Kg7 33. Rd3 Qe6 34. Qc4 Qe7 35. Qc3+ Kh7 36. Kh2 h5 37. h4 Qe6 38. Qc4 Qe7 39. Qf4 Kg7 40. Kg2 Qe6 41. Rd6 Qe7 42. Rd1 Bc7 43. Qd4+ Be5 44. Qe4 Qf6 45. Rd7 Bc3 46. Rxb7 1-0


[Site "https://www.chess.com"]

[Event "Titled Tuesday Blitz February 22 Late 2022"]
[White "Nasuta, Grzegorz"]
[Black "Vifleemskaia, Svetlana"]
[WhiteFideId "1141686"]
[BlackFideId "4129490"]
[WhiteElo "2396"]
[BlackElo "1901"]
[Result "1-0"]
[Round "01"]
[TimeControl "180+1"]
[Date "2022.02.23"]
[WhiteClock "0:00:36"]
[BlackClock "0:00:39"]

1. e4 e5 2. Nf3 Nc6 3. Bc4 Nf6 4. d3 Be7 5. O-O O-O 6. Re1 a6 7. a3 d6 8. b4 b5 9. Bb3 h6 10. h3 a5 11. Nc3 axb4 12. Nxb5 Ba6 13. Bc4 Na5 14. axb4 Nxc4 15. dxc4 Bxb5 16. Rxa8 Qxa8 17. cxb5 Rb8 18. Qd3 Qa4 19. c4 Qxb4 20. Bd2 Qa4 21. Bc3 Nd7 22. Ra1 Qb3 23. Nd2 Nc5 24. Nxb3 Nxd3 25. Ra7 Bd8 26. g3 f6 27. Kf1 Kf8 28. Na5 Nc5 29. Nc6 Rc8 30. Nxd8 Rxd8 31. Rxc7 Nxe4 32. Bb4 Ke8 33. b6 Rb8 34. b7 Kd8 35. Ba5 1-0


[Site "https://www.chess.com"]

[Event "Titled Tuesday Blitz February 22 Late 2022"]
[White "Nesterov, Arseniy"]
[Black "Devaev, Alexander"]
[WhiteFideId "24198455"]
[BlackFideId "4169395"]
[WhiteElo "2489"]
[BlackElo "2185"]
[Result "1-0"]
[Round "01"]
[TimeControl "180+1"]
[Date "2022.02.23"]
[WhiteClock "0:00:56"]
[BlackClock "0:00:11"]

1. d4 Nf6 2. c4 e6 3. Nf3 Bb4+ 4. Bd2 Qe7 5. g3 b6 6. Bg2 Bb7 7. O-O Bxd2 8. Nbxd2 O-O 9. Qc2 d6 10. e4 e5 11. Rfe1 Nbd7 12. Rad1 g6 13. h3 c5 14. dxe5 dxe5 15. Nb1 Nb8 16. Nc3 Nc6 17. Nd5 Nxd5 18. exd5 Nd4 19. Nxd4 cxd4 20. d6 Qd7 21. Bxb7 Qxb7 22. Rxe5 Rad8 23. Rxd4 Rd7 24. b4 Rc8 25. c5 a5 26. a3 axb4 27. axb4 bxc5 28. bxc5 Qc6 29. Qe2 Kg7 30. Qe4 Qb5 31. Qd5 Ra7 32. Rd1 Rd7 33. h4 h5 34. Rc1 Rc6 35. Re8 Rdxd6 36. Qe5+ Rf6 37. Rb8 Re6 38. Qxf6+ 1-0


[Site "https://www.chess.com"]

[Event "Titled Tuesday Blitz February 22 Late 2022"]
[White "Niemann, Hans Moke"]
[Black "Gimenez Aguirre, Alejo Ismael"]
[WhiteFideId "2093596"]
[BlackFideId "32041667"]
[WhiteElo "2636"]
[BlackElo "2031"]
[Result "1-0"]
[Round "01"]
[TimeControl "180+1"]
[Date "2022.02.22"]
[WhiteClock "0:00:18"]
[BlackClock "0:00:05"]

1. d4 Nf6 2. Nc3 e6 3. Bf4 c5 4. d5 d6 5. e4 e5 6. Be3 Be7 7. h3 a6 8. a4 O-O 9. Nf3 Ne8 10. Bd3 g6 11. g4 Ng7 12. Rg1 Qc7 13. Nd2 Nd7 14. h4 c4 15. Nxc4 Bxh4 16. Qf3 f6 17. a5 g5 18. Nb6 Rb8 19. Nca4 Nxb6 20. Nxb6 Bd7 21. c4 Be8 22. Qe2 h5 23. O-O-O Bg6 24. f3 hxg4 25. fxg4 Ne8 26. Kb1 Kg7 27. Rc1 Rf7 28. Qf3 Qe7 29. Bc2 Nc7 30. Ba4 Na8 31. c5 Nxb6 32. cxb6 Qd8 33. Rc4 Rc8 34. Rgc1 Rxc4 35. Rxc4 Be1 36. b4 Qh8 37. Bc2 Qh2 38. Rc7 Bxb4 39. Rc4 Bxa5 40. Kb2 Be1 41. Qf1 Bd2 42. Qf2 Qxf2 43. Bxf2 Re7 44. Ba4 Kf7 45. Rc7 Bxe4 46. Bc5 Bxd5 47. Bxd6 Rxc7 48. bxc7 Be6 49. Bb3 1-0


[Site "https://www.chess.com"]

[Event "Titled Tuesday Blitz February 22 Late 2022"]
[White "Noboa Silva, Kevin"]
[Black "Martinez Alcantara, Jose Eduardo"]
[WhiteFideId "3618471"]
[BlackFideId "3805662"]
[WhiteElo "2161"]
[BlackElo "2690"]
[Result "0-1"]
[Round "01"]
[TimeControl "180+1"]
[Date "2022.02.22"]
[WhiteClock "0:00:03"]
[BlackClock "0:00:06"]

1. d4 Nf6 2. c4 e6 3. Nc3 Bb4 4. e3 O-O 5. Bd3 d6 6. Ne2 e5 7. O-O Re8 8. a3 Bxc3 9. Nxc3 c6 10. dxe5 dxe5 11. Qc2 Qe7 12. b4 a5 13. Bd2 e4 14. Be2 Bg4 15. h3 Bxe2 16. Nxe2 Nbd7 17. Bc3 Ne5 18. Ng3 Qe6 19. Bxe5 Qxe5 20. Rad1 h5 21. Rd4 axb4 22. axb4 h4 23. Ne2 g5 24. Rfd1 g4 25. hxg4 Nxg4 26. Nf4 Nf6 27. Qe2 Kh7 28. Rd6 Rg8 29. Kh1 Ra1 30. c5 Rxd1+ 31. Rxd1 Ng4 32. Kg1 h3 33. g3 Qf5 34. Nxh3 Kg7 35. Qb2+ f6 36. Nf4 Rh8 37. Kf1 Rh2 38. Rd2 Rh1+ 39. Ke2 Ne5 40. Rc2 Qg4+ 41. Kd2 Qd1+ 42. Kc3 Qf1 43. Kb3 Qa6 44. Qa2 Qf1 45. Ne6+ Kg6 46. Nd4 Qd3+ 47. Ka4 Rh8 0-1


[Site "https://www.chess.com"]

[Event "Titled Tuesday Blitz February 22 Late 2022"]
[White "Olcayoz, Alper"]
[Black "Weetik, Vjacheslav"]
[WhiteFideId "6300405"]
[BlackFideId "4153472"]
[WhiteElo "2255"]
[BlackElo "2469"]
[Result "0-1"]
[Round "01"]
[TimeControl "180+1"]
[Date "2022.02.23"]
[WhiteClock "0:02:44"]
[BlackClock "0:02:22"]

1. e4 c6 2. Nc3 d5 3. Qf3 dxe4 4. Nxe4 Nf6 5. Bc4 Nbd7 6. Qe2 Nxe4 7. Qxe4 Nf6 8. Qe2 Bg4 9. Nf3 e6 10. h3 Bh5 11. g4 Bg6 12. d3 Bd6 13. Ne5 Qa5+ 0-1


[Site "https://www.chess.com"]

[Event "Titled Tuesday Blitz February 22 Late 2022"]
[White "Paravyan, David"]
[Black "Shirazi, Kamran"]
[WhiteFideId "4194985"]
[BlackFideId "2000733"]
[WhiteElo "2569"]
[BlackElo "2317"]
[Result "1/2-1/2"]
[Round "01"]
[TimeControl "180+1"]
[Date "2022.02.22"]
[WhiteClock "0:00:23"]
[BlackClock "0:00:18"]

1. e4 d5 2. exd5 c6 3. dxc6 Nxc6 4. Nf3 e5 5. Bb5 Bd6 6. O-O Ne7 7. d4 exd4 8. Nxd4 O-O 9. Bxc6 bxc6 10. Nc3 Nf5 11. Nxf5 Bxf5 12. Be3 Be5 13. Qf3 Qf6 14. Rac1 Rfe8 15. h3 Qg6 16. Bf4 Bxf4 17. Qxf4 Bxh3 18. Qg3 Bf5 19. Qxg6 Bxg6 20. Rfd1 Rad8 21. f3 h5 22. Kf2 Bf5 23. Rxd8 Rxd8 24. Ke3 f6 25. Ne4 Re8 26. Kd4 Bxe4 27. fxe4 Re5 28. b4 Rg5 29. c4 a5 30. a3 axb4 31. axb4 Rxg2 32. Kc5 Rb2 33. Kxc6 Rxb4 34. Kd5 Kf7 35. c5 Ke7 36. e5 fxe5 37. Kxe5 g6 38. c6 Kd8 39. Kf6 Kc7 40. Kxg6 h4 41. Kg5 h3 42. Rh1 Rb3 43. Kg4 Rc3 44. Rxh3 Rc4+ 45. Kh5 Rc5+ 46. Kg4 Rxc6 47. Rh5 Rc3 48. Rf5 Kb6 49. Rf3 Rc4+ 50. Rf4 Rxf4+ 51. Kxf4 1/2-1/2


[Site "https://www.chess.com"]

[Event "Titled Tuesday Blitz February 22 Late 2022"]
[White "Pavlidou, Ekaterini"]
[Black "Gledura, Benjamin"]
[WhiteFideId "4213262"]
[BlackFideId "712779"]
[WhiteElo "2127"]
[BlackElo "2326"]
[Result "0-1"]
[Round "01"]
[TimeControl "180+1"]
[Date "2022.02.23"]
[WhiteClock "0:01:24"]
[BlackClock "0:02:01"]

1. d4 d5 2. c4 dxc4 3. e3 Nf6 4. Bxc4 e6 5. Nf3 c5 6. O-O a6 7. a4 cxd4 8. exd4 Be7 9. Nc3 Nc6 10. Bg5 O-O 11. Re1 h6 12. Bh4 Bd7 13. Qe2 Re8 14. Rad1 Nd5 15. Bg3 Ncb4 16. Ne4 Bxa4 17. b3 Bc6 18. Nc5 Nc3 19. Qd2 Nxd1 20. Qxb4 Bxf3 21. gxf3 Qxd4 22. Nxe6 Bxb4 0-1


[Site "https://www.chess.com"]

[Event "Titled Tuesday Blitz February 22 Late 2022"]
[White "Perez Gormaz, Matias"]
[Black "Warakomska, Anna"]
[WhiteFideId "3406342"]
[BlackFideId "1130790"]
[WhiteElo "2352"]
[BlackElo "2062"]
[Result "1-0"]
[Round "01"]
[TimeControl "180+1"]
[Date "2022.02.23"]
[WhiteClock "0:01:13"]
[BlackClock "0:00:13"]

1. e4 c5 2. Nf3 e6 3. g3 Nc6 4. Bg2 Nf6 5. Qe2 d6 6. O-O Be7 7. Rd1 e5 8. c3 O-O 9. d4 cxd4 10. cxd4 exd4 11. Nxd4 Nxd4 12. Rxd4 Qc7 13. Nc3 a6 14. Bg5 Be6 15. Rad1 Rfd8 16. h3 h6 17. Bf4 Rac8 18. Kh2 b5 19. a3 Ne8 20. Nd5 Qb7 21. h4 Bf8 22. Bf3 Rc5 23. e5 Qb8 24. exd6 Bxd6 25. Ne7+ Kf8 26. Nc6 Rxc6 27. Bxc6 Qc7 28. Bxe8 Kxe8 29. Bxd6 1-0


[Site "https://www.chess.com"]

[Event "Titled Tuesday Blitz February 22 Late 2022"]
[White "Peterson, Eric"]
[Black "Pinheiro, Iung Alicio de O."]
[WhiteFideId "14908395"]
[BlackFideId "2104350"]
[WhiteElo "2195"]
[BlackElo "2622"]
[Result "1-0"]
[Round "01"]
[TimeControl "180+1"]
[Date "2022.02.23"]
[WhiteClock "0:00:43"]
[BlackClock "0:00:19"]

1. e4 c5 2. d4 cxd4 3. c3 dxc3 4. Nxc3 Nc6 5. Nf3 d6 6. Bc4 a6 7. e5 dxe5 8. Qxd8+ Nxd8 9. Nd5 Ne6 10. Nb6 Rb8 11. Nxe5 Nf6 12. Nxf7 Kxf7 13. Bf4 Nd7 14. Nxd7 Bxd7 15. Bxb8 Kf6 16. Bxe6 Bxe6 17. O-O Bd5 18. Rfe1 e6 19. Be5+ Kf7 20. Rac1 Bc6 21. Rc4 Be7 22. Rf4+ Bf6 23. Bxf6 gxf6 24. Rd4 e5 25. Rd6 Ke7 26. Red1 Rg8 27. g3 Rg4 28. b3 a5 29. a4 Rb4 30. R6d3 h5 31. Rc3 Ke6 32. h4 Bd5 33. Rdd3 f5 34. Kf1 f4 35. Ke2 Bc6 36. gxf4 exf4 37. Kd2 f3 38. Rd8 Rxh4 39. Re3+ Kf7 40. Ra8 Rh2 41. Ke1 Rh1+ 42. Kd2 Rf1 43. Rxa5 Rxf2+ 44. Kd3 Rh2 45. Rf5+ Kg6 46. Rfxf3 Bxf3 47. Rxf3 h4 48. Kc4 Kg5 49. b4 Kg4 50. Rf7 h3 51. Rxb7 Ra2 52. a5 h2 53. Rh7 Kg3 54. Kb5 Kg2 55. Ka6 Ra3 56. Rxh2+ Kxh2 57. b5 Kg3 58. b6 Kf4 59. b7 Rb3 60. Ka7 Rb5 61. a6 Ke5 62. b8=Q+ Rxb8 63. Kxb8 1-0


[Site "https://www.chess.com"]

[Event "Titled Tuesday Blitz February 22 Late 2022"]
[White "Petrovic, Aleksa"]
[Black "Savchenko, Boris"]
[WhiteFideId "967629"]
[BlackFideId "4147332"]
[WhiteElo "2139"]
[BlackElo "2512"]
[Result "1/2-1/2"]
[Round "01"]
[TimeControl "180+1"]
[Date "2022.02.23"]
[WhiteClock "0:00:07"]
[BlackClock "0:00:33"]

1. Nf3 e6 2. c4 d5 3. d4 c6 4. Qc2 a5 5. Nbd2 Nf6 6. g3 b5 7. cxb5 cxb5 8. e4 b4 9. exd5 Nxd5 10. Ne5 Bd6 11. Bb5+ Kf8 12. O-O h5 13. Ne4 Ba6 14. Bg5 f6 15. Ng6+ Kg8 16. Bxa6 Rxa6 17. Nxh8 Kxh8 18. Nxd6 Rxd6 19. Be3 Nd7 20. Qg6 h4 21. Qh5+ Kg8 22. Qxh4 a4 23. a3 Qb8 24. Bf4 e5 25. dxe5 fxe5 26. Bg5 Qb5 27. Qe4 bxa3 28. Rxa3 N5b6 29. Be3 Nc4 30. Rc3 Nxb2 31. Rc8+ Kf7 32. Qf5+ Nf6 33. Rc7+ Rd7 34. Rxd7+ Qxd7 35. Qxd7+ Nxd7 36. Ra1 Ke6 37. Ra2 Nd3 38. Rxa4 Nf6 39. Kg2 e4 40. Ra6+ Kf5 41. Ra7 g6 42. h4 Ng4 43. Ra5+ Ke6 44. Bd4 Kf7 45. f3 Ne1+ 46. Kf1 Nxf3 47. Ra4 Ke6 48. Bf2 Kf5 49. Ra5+ Kf6 50. Ke2 Ke6 51. Be3 Kf6 52. Bf4 Nd4+ 53. Kf1 Nf3 54. Ra6+ Kf5 55. Ra8 Ngh2+ 56. Ke2 Ng4 57. Rf8+ Ke6 58. Re8+ Kf5 59. Re7 Nd4+ 60. Kd1 Nf3 61. Ke2 Ng1+ 62. Kf1 Nf3 63. Ke2 1/2-1/2


[Site "https://www.chess.com"]

[Event "Titled Tuesday Blitz February 22 Late 2022"]
[White "Polanco Nunez, Yoel Estarling"]
[Black "Golubka, Petro"]
[WhiteFideId "6401783"]
[BlackFideId "14114224"]
[WhiteElo "2132"]
[BlackElo "2392"]
[Result "0-1"]
[Round "01"]
[TimeControl "180+1"]
[Date "2022.02.23"]
[WhiteClock "0:00:55"]
[BlackClock "0:00:47"]

1. Nf3 Nf6 2. c4 e6 3. Nc3 d5 4. cxd5 exd5 5. d4 Be7 6. Bg5 O-O 7. e3 c6 8. Bd3 Nbd7 9. O-O Re8 10. Qc2 Nf8 11. Bf4 Nh5 12. Be5 g6 13. Rab1 Bg4 14. Nd2 Nd7 15. Bg3 Nxg3 16. hxg3 a5 17. a3 b5 18. b4 axb4 19. axb4 Nb6 20. e4 dxe4 21. Ndxe4 Qxd4 22. Kh2 Bxb4 23. Rxb4 Qxb4 24. Nf6+ Kg7 25. Nce4 Rxe4 26. Nxe4 Bd7 27. Rb1 Qd4 28. Qd2 Ra3 29. Rd1 Bf5 30. f3 Nd5 31. g4 Qe5+ 32. Kh1 Bxe4 33. Bxe4 Nc3 34. Qb2 Ra2 35. Qb3 Nxd1 36. Qxd1 Ra1 37. Bb1 Qb2 0-1


[Site "https://www.chess.com"]

[Event "Titled Tuesday Blitz February 22 Late 2022"]
[White "Prohorov, Olexandr"]
[Black "Kim, Sergey"]
[WhiteFideId "14105578"]
[BlackFideId "13700570"]
[WhiteElo "1993"]
[BlackElo "2641"]
[Result "0-1"]
[Round "01"]
[TimeControl "180+1"]
[Date "2022.02.23"]
[WhiteClock "0:00:07"]
[BlackClock "0:00:10"]

1. e4 e5 2. Nf3 Nc6 3. Bb5 a6 4. Ba4 Nf6 5. O-O b5 6. Bb3 Bc5 7. Qe2 d6 8. h3 O-O 9. c3 h6 10. d3 Bb6 11. Rd1 Be6 12. Nbd2 Nh5 13. Nf1 Qf6 14. d4 Bxb3 15. axb3 Nf4 16. Bxf4 Qxf4 17. dxe5 dxe5 18. Ne3 Qxe4 19. Kf1 Bxe3 20. Qxe3 Qxe3 21. fxe3 f6 22. Nh4 Rfd8 23. Nf5 Kf7 24. Ke2 h5 25. e4 g6 26. Ne3 Ke6 27. Nd5 Rd7 28. Rf1 Rf7 29. b4 f5 30. Ke3 a5 31. g3 a4 32. h4 Raf8 33. Rad1 Rd7 34. Rc1 Rff7 35. Rce1 Ne7 36. Nxe7 Rfxe7 37. Rc1 Rd6 38. Rf2 Red7 39. Kf3 Rd3+ 40. Kg2 Rd2 41. Re1 Rxf2+ 42. Kxf2 Rd2+ 43. Ke3 Rxb2 44. Rd1 Rb3 45. Kd2 Rb2+ 46. Kd3 Rg2 47. c4 Rxg3+ 48. Kc2 bxc4 49. Rd8 Rb3 50. Rc8 Kd6 51. Rd8+ Kc6 52. Rg8 f4 53. Rxg6+ Kb5 54. Rg5 Kxb4 55. Rxe5 a3 56. Rxh5 a2 0-1


[Site "https://www.chess.com"]

[Event "Titled Tuesday Blitz February 22 Late 2022"]
[White "Przybylski, Wojciech"]
[Black "Ponkratov, Pavel"]
[WhiteFideId "1117599"]
[BlackFideId "4157800"]
[WhiteElo "2133"]
[BlackElo "2487"]
[Result "0-1"]
[Round "01"]
[TimeControl "180+1"]
[Date "2022.02.22"]
[WhiteClock "0:00:01"]
[BlackClock "0:01:52"]

1. e4 e5 2. Nf3 d6 3. d4 exd4 4. Nxd4 Nf6 5. Nc3 g6 6. h3 Bg7 7. Be3 O-O 8. Bd3 Re8 9. O-O Nbd7 10. Qd2 Nc5 11. Bg5 a6 12. Rae1 b5 13. Nd5 Bb7 14. Qf4 Bxd5 15. exd5 Rxe1 16. Rxe1 Nxd5 17. Bxd8 Nxf4 18. Nc6 Nce6 19. Bh4 Nxd3 20. cxd3 Bxb2 21. Re2 Bc3 22. Rc2 b4 23. Kf1 Kg7 24. f3 a5 25. Bf2 Ra6 26. Ne7 c6 27. a4 d5 28. Bg3 Kf8 29. Nc8 Nd4 30. Rc1 Ra8 31. Nb6 Rd8 32. Bc7 Re8 33. Bd6+ Kg7 34. Nd7 Nf5 35. Bc5 h5 36. Nb6 h4 37. Nd7 Ng3+ 38. Kf2 Re2+ 39. Kg1 Re6 40. Nb8 Ne2+ 41. Kf2 Nxc1 0-1


[Site "https://www.chess.com"]

[Event "Titled Tuesday Blitz February 22 Late 2022"]
[White "Pultinevicius, Paulius"]
[Black "Toncheva, Nadya"]
[WhiteFideId "12809390"]
[BlackFideId "2924056"]
[WhiteElo "2413"]
[BlackElo "1920"]
[Result "1-0"]
[Round "01"]
[TimeControl "180+1"]
[Date "2022.02.23"]
[WhiteClock "0:01:09"]
[BlackClock "0:00:05"]

1. c4 Nf6 2. Nc3 g6 3. g3 Bg7 4. Bg2 O-O 5. Nf3 d6 6. O-O e5 7. d3 Re8 8. Rb1 c6 9. b4 Be6 10. Nd2 d5 11. Bb2 Nbd7 12. Qc2 Qe7 13. b5 Nb6 14. Na4 Nfd7 15. Rfc1 Nxa4 16. Qxa4 Nb6 17. Qa5 dxc4 18. bxc6 bxc6 19. Bxc6 Rac8 20. Bxe8 Rxe8 21. Bxe5 Bh3 22. Bxg7 Kxg7 23. Nxc4 Qb7 24. e4 Nxc4 25. Qc3+ 1-0


[Site "https://www.chess.com"]

[Event "Titled Tuesday Blitz February 22 Late 2022"]
[White "Rasulov, Vugar"]
[Black "Marcziter, Dmitrii"]
[WhiteFideId "13402390"]
[BlackFideId "13900765"]
[WhiteElo "2560"]
[BlackElo "2155"]
[Result "1-0"]
[Round "01"]
[TimeControl "180+1"]
[Date "2022.02.23"]
[WhiteClock "0:02:55"]
[BlackClock "0:02:21"]

1. d4 Nf6 2. c4 g6 3. h4 h5 4. Nc3 Bg7 5. e4 d6 6. f3 O-O 7. Be3 Na6 8. Nge2 c5 9. Qd2 Re8 10. O-O-O cxd4 11. Nxd4 Nc5 12. Kb1 a5 13. Ndb5 a4 14. Bxc5 Be6 15. Bd4 Qa5 16. Nd5 Qxd2 17. Rxd2 Nxd5 18. cxd5 Bd7 19. Bxg7 Kxg7 20. Nc7 1-0


[Site "https://www.chess.com"]

[Event "Titled Tuesday Blitz February 22 Late 2022"]
[White "Romero Ruscalleda, Josep"]
[Black "Shahaliyev, Ismayil"]
[WhiteFideId "2231859"]
[BlackFideId "13406388"]
[WhiteElo "2373"]
[BlackElo "2105"]
[Result "0-1"]
[Round "01"]
[TimeControl "180+1"]
[Date "2022.02.23"]
[WhiteClock "0:00:22"]
[BlackClock "0:00:16"]

1. e4 e6 2. d4 d5 3. e5 c5 4. c3 Qb6 5. Bd3 Bd7 6. dxc5 Bxc5 7. Qe2 Nc6 8. Nf3 a5 9. O-O Nge7 10. Nbd2 a4 11. b4 axb3 12. Nxb3 Ba3 13. Be3 Qc7 14. Bf4 Ng6 15. Bg3 O-O-O 16. c4 dxc4 17. Bxc4 h5 18. h4 Nge7 19. Nbd4 Nxd4 20. Nxd4 Bc6 21. Nxc6 Nxc6 22. Qe3 Qa5 23. Rab1 Rd4 24. Bb5 Rhd8 25. Qb3 Rb4 26. Qf3 Nd4 27. Qc3+ Kb8 28. Rxb4 Bxb4 29. Qc4 Qxb5 30. Qxb5 Nxb5 31. Rb1 Rd4 32. f4 Nc3 33. Rb3 Ne4 34. Kh2 Bc5 35. Be1 Rd1 36. Ba5 Bg1+ 37. Kh3 Be3 38. g4 Nf2+ 39. Kg2 Nxg4 40. Kf3 Rd5 41. Bc3 Bc5 42. a4 g6 43. a5 Ka7 44. Be1 Ka6 45. Ke4 Ne3 46. Bf2 Nf5 47. Bxc5 Rxc5 48. Rb6+ Ka7 49. Rb4 Rc3 50. Rxb7+ Kxb7 51. a6+ Ka8 0-1


[Site "https://www.chess.com"]

[Event "Titled Tuesday Blitz February 22 Late 2022"]
[White "Roque Sola, Jose Luis"]
[Black "Goltseva, Ekaterina"]
[WhiteFideId "5120390"]
[BlackFideId "24173770"]
[WhiteElo "1983"]
[BlackElo "2140"]
[Result "0-1"]
[Round "01"]
[TimeControl "180+1"]
[Date "2022.02.23"]
[WhiteClock "0:00:06"]
[BlackClock "0:00:08"]

1. c4 e5 2. Nc3 Nf6 3. Nf3 Nc6 4. g3 Bb4 5. Bg2 d6 6. O-O O-O 7. d3 Bg4 8. a3 Bxc3 9. bxc3 Qd7 10. Bg5 Qf5 11. Bxf6 Qxf6 12. Rb1 Rab8 13. h3 Bf5 14. Qd2 e4 15. Ng5 exd3 16. exd3 Ne5 17. Ne4 Qg6 18. Kh2 Nxc4 19. dxc4 Bxe4 20. Bxe4 Qxe4 21. Rfe1 Qxc4 22. Rb4 Qc6 23. Rg4 Qc5 24. Re2 f5 25. Rg5 Rbe8 26. Rxe8 Rxe8 27. Qf4 Re5 28. h4 Qd5 29. h5 h6 30. Rg6 Re1 31. f3 Re2+ 32. Kh3 Kh7 33. g4 fxg4+ 34. Qxg4 Qf7 35. f4 Re3+ 36. Kg2 Re7 37. f5 Qd5+ 38. Kg3 Re3+ 39. Kf4 Qe4# 0-1


[Site "https://www.chess.com"]

[Event "Titled Tuesday Blitz February 22 Late 2022"]
[White "Rosen, Eric"]
[Black "Sailer, Mike"]
[WhiteFideId "2032562"]
[BlackFideId "2012901"]
[WhiteElo "2362"]
[BlackElo "2109"]
[Result "1-0"]
[Round "01"]
[TimeControl "180+1"]
[Date "2022.02.23"]
[WhiteClock "0:00:39"]
[BlackClock "0:00:02"]

1. d4 d5 2. Bf4 Nf6 3. e3 c6 4. Nd2 Bg4 5. Ngf3 e6 6. c4 Bd6 7. Bg3 Qe7 8. Qb3 O-O 9. Be2 Bxg3 10. hxg3 dxc4 11. Nxc4 Qc7 12. Rc1 Nbd7 13. Bd3 Bf5 14. Bxf5 exf5 15. O-O Ne4 16. Qc2 Nb6 17. Nce5 Qe7 18. Rfd1 Nd5 19. a3 Rac8 20. Nd2 Ndf6 21. Nxe4 fxe4 22. Qc5 Qxc5 23. Rxc5 Nd5 24. Rdc1 Rcd8 25. b4 a6 26. Nc4 Rfe8 27. Nd2 f5 28. Nb3 Rd7 29. R5c2 g5 30. Nc5 Rf7 31. Re1 Kg7 32. Rb2 Kg6 33. a4 Nc7 34. Nxb7 Nd5 35. Nd6 Ref8 36. Nxf7 Rxf7 37. b5 axb5 38. axb5 cxb5 39. Rxb5 Nc3 40. Rb6+ Kh5 41. Kf1 f4 42. gxf4 gxf4 43. Rc6 Nd5 44. Ke2 fxe3 45. fxe3 Kg4 46. Rh1 Kg3 47. Rh5 Rf2+ 48. Ke1 Nxe3 49. Rg5+ Kh2 50. Kxf2 1-0


[Site "https://www.chess.com"]

[Event "Titled Tuesday Blitz February 22 Late 2022"]
[White "Rustemov, Alexander"]
[Black "Peatman, Carter"]
[WhiteFideId "4119002"]
[BlackFideId "2096480"]
[WhiteElo "2693"]
[BlackElo "2338"]
[Result "1-0"]
[Round "01"]
[TimeControl "180+1"]
[Date "2022.02.23"]
[WhiteClock "0:00:19"]
[BlackClock "0:00:10"]

1. d4 d5 2. c4 dxc4 3. Nf3 a6 4. e3 b5 5. a4 Bb7 6. b3 e6 7. bxc4 bxc4 8. Bxc4 Nf6 9. O-O Nbd7 10. Nc3 Be7 11. Rb1 Rb8 12. Qe2 a5 13. Bd2 O-O 14. Na2 c5 15. Rb5 Bxf3 16. Qxf3 cxd4 17. exd4 Rxb5 18. Bxb5 Nd5 19. Rc1 N7f6 20. Rc6 Nb4 21. Nxb4 axb4 22. Qd3 Nd5 23. g3 Qa8 24. Qc4 h6 25. Ra6 Qb8 26. a5 Rc8 27. Rc6 Rxc6 28. Qxc6 b3 29. Bd3 Bb4 30. a6 Bxd2 31. Qb7 Qd8 32. a7 Nb6 33. Qxb6 Qxb6 34. a8=Q+ Qb8 35. Qxb8# 1-0


[Site "https://www.chess.com"]

[Event "Titled Tuesday Blitz February 22 Late 2022"]
[White "Rytenko, Vsevolod"]
[Black "Sarenac, Ivan"]
[WhiteFideId "14133040"]
[BlackFideId "938165"]
[WhiteElo "2144"]
[BlackElo "2311"]
[Result "0-1"]
[Round "01"]
[TimeControl "180+1"]
[Date "2022.02.23"]
[WhiteClock "0:00:55"]
[BlackClock "0:00:14"]

1. e4 e5 2. Nf3 d6 3. d4 exd4 4. Nxd4 Nf6 5. Nc3 Be7 6. Be2 O-O 7. O-O Re8 8. Re1 Bf8 9. Bf1 c6 10. Bg5 h6 11. Bh4 Nbd7 12. Nf5 Ne5 13. f4 Ng6 14. Bg3 Bxf5 15. exf5 Ne7 16. Bh4 Qb6+ 17. Kh1 Ned5 18. Nxd5 Nxd5 19. c4 Ne3 20. Qd3 Nxf1 21. Rxf1 Re3 22. Qd2 Re4 23. b3 Rae8 24. Rae1 Qc5 25. f6 g6 26. Rxe4 Rxe4 27. Re1 Qf5 28. Rxe4 Qxe4 29. Bf2 Qb1+ 30. Bg1 d5 31. Qe2 d4 32. h3 d3 33. Qf2 Qc1 34. f5 g5 35. h4 d2 36. hxg5 d1=Q 37. g6 Qh5+ 0-1


[Site "https://www.chess.com"]

[Event "Titled Tuesday Blitz February 22 Late 2022"]
[White "Sadhwani, Raunak"]
[Black "Levine, Joseph"]
[WhiteFideId "35093487"]
[BlackFideId "30940346"]
[WhiteElo "2616"]
[BlackElo "1802"]
[Result "1-0"]
[Round "01"]
[TimeControl "180+1"]
[Date "2022.02.22"]
[WhiteClock "0:01:14"]
[BlackClock "0:00:05"]

1. d4 d5 2. Nf3 Nf6 3. Bf4 Bf5 4. e3 e6 5. c4 Nbd7 6. Nc3 Bd6 7. Bxd6 cxd6 8. cxd5 Nxd5 9. Nxd5 exd5 10. Bd3 Qa5+ 11. Qd2 Qxd2+ 12. Kxd2 Bxd3 13. Kxd3 Nf6 14. Rhc1 Kd7 15. Ng5 Rhf8 16. f3 h6 17. Nh3 Rac8 18. g4 g5 19. Nf2 b5 20. h4 a5 21. h5 Ke6 22. Nh1 Ng8 23. Ng3 Ne7 24. e4 dxe4+ 25. fxe4 f6 26. d5+ Ke5 27. Rf1 Rc5 28. Nf5 Ng8 29. Rf3 Rfc8 30. Nd4 Ne7 31. Raf1 Nxd5 32. Rf5# 1-0


[Site "https://www.chess.com"]